 Dungeon Crawl Stone Soup version 0.31-a0-431-g88bdf31460 (webtiles) character file.

Game seed: 18274699705387226685

28 Gelion the Changeling (level 3, -1/23 HPs)
             Began as an Octopode Shapeshifter on July 31, 2023.
             Frozen to death by an endoplasm (2 damage)
             ... on level 2 of the Dungeon.
             The game lasted 00:01:50 (897 turns).

Gelion the Changeling (Octopode Shapeshifter)        Turns: 897, Time: 00:01:51

Health: -1/23      AC:  1    Str: 14    XL:     3   Next: 12%
Magic:  3/3        EV: 13    Int: 10    God:
Gold:   57         SH:  0    Dex: 14    Spells: 2/2 levels left

rFire   . .          .
                       - Unarmed
rCold   . . .        (no shield)
rNeg    . . .        (helmet currently unavailable)
rPois   .            (no amulet)
rElec   .            (no ring)
rCorr   .            (no ring)
SInv    .            (no ring)
Will    .....        (no ring)
Stlth   ++           (no ring)
HPRegen 0.23/turn    (no ring)
MPRegen 0.08/turn    (no ring)
                     (no ring)

%: no passive effects
@: beast-form
A: beast (slay +2), almost no armour, amphibious, 8 rings, camouflage 1,
gelatinous body 1, (nimble swimmer 1), tentacles
a: Begin Untransformation


You were on level 2 of the Dungeon.
You were a hulking beast.
You visited 1 branch of the dungeon, and saw 2 of its levels.

You collected 57 gold pieces.

Inventory:

Talismans
 b - a beast talisman (active)
Potions
 a - a potion of lignification
 e - 2 potions of might {unknown}


   Skills:
 + Level 1.6 Fighting
 - Level 2.0 Dodging
 + Level 3.3 Unarmed Combat
 * Level 3.4 Shapeshifting


You had 2 spell levels left.
You didn't know any spells.
Your spell library was empty.

Dungeon Overview and Level Annotations

Branches:
Dungeon (2/15)

Altars:

Annotations:
D:2 Robin


Innate Abilities, Weirdness & Mutations

You are a hulking beast.
Your limbs bulge with bestial killing power. (Slay +2)
You cannot wear most types of armour.
You are amphibious.
You can wear up to eight rings at the same time.
Your skin changes colour to match your surroundings (Stealth+).
Your rubbery body absorbs attacks. (AC +1, EV +1)
((You are camouflaged when in or above water. (Stealth+)))
You have tentacles for arms and can constrict up to eight enemies at once.


Message History

The hobgoblin attacks as you move away! The hobgoblin hits you.
Robin roars a battlecry!
The hobgoblin goes into a battle-frenzy!
You tentacle-slap the hobgoblin. You grab the hobgoblin.
You squeeze the hobgoblin.
You kill the hobgoblin!
You barely miss the hobgoblin. You grab the hobgoblin.
You constrict the hobgoblin. The hobgoblin hits you.
You tentacle-slap the hobgoblin.
You kill the hobgoblin!
Robin hits you from afar with a +0 spear.
* * * LOW HITPOINT WARNING * * *
Robin says, "My army is invincible!"
The hobgoblin no longer looks unusually strong.
Robin roars a battlecry!
Robin roars a battlecry!
The goblin goes into a battle-frenzy!
Robin throws the goblin at you! The goblin barely misses you.
Robin says, "My army is invincible!"
Robin roars a battlecry!
The goblin goes into a battle-frenzy!
The goblin hits you with a +0 dagger of venom.
* * * LOW HITPOINT WARNING * * *
An endoplasm comes into view.
You see here a hobgoblin corpse.
This is a scroll of acquirement!
Something appears before you!
The endoplasm quivers.
The goblin barely misses you.
Blink to where?
Press: ? - help, Dir - move target
As you read the scroll labelled SYENOC PAGIWU, it crumbles to dust.
It was a scroll of blinking.
The endoplasm barely misses you. The endoplasm attacks as you move away!
The endoplasm hits you.
* * * LOW HITPOINT WARNING * * *
The endoplasm attacks as you move away! The endoplasm misses you.
There is a stone staircase leading up here.
The endoplasm freezes you.
You are frozen.
You die...

########.......#
#......†.......###
#......#..........
####..#.#g#.......###
###.........#.......# #
#.......g##.#.....g.###
.#.##......#######....
#.###J.#### #.###
#...h..# #.#
#......#..# ###g###
..>#...#..# #..g..# .
.......... #.....#
...##..#####. #...g..
#. #.. .. #...... # ...
# #...... ##. ######.
#.


You could see an endoplasm and a goblin (strong).

Vanquished Creatures
  9 hobgoblins
  3 jackals (D:1)
  2 ball pythons (D:1)
  2 bats (D:1)
  7 goblins
  A rat (D:1)
24 creatures vanquished.

Notes
Turn   | Place    | Note
-------+----------+-------------------------------------------
     0 | D:1      | Gelion the Octopode Shapeshifter began the quest for the
                  | Orb.
     0 | D:1      | Reached XP level 1. HP: 13/13 MP: 1/1
   245 | D:1      | Reached XP level 2. HP: 18/18 MP: 2/2
   852 | D:2      | Identified the +0 helmet of Keywo {Dex+4}
   852 | D:2      | Noticed Robin
   859 | D:2      | Reached XP level 3. HP: 18/23 MP: 3/3
   888 | D:2      | HP: 1/23 [goblin/+0 dagger of venom[Robin] (5)]
   893 | D:2      | Identified a scroll of acquirement
   893 | D:2      | Acquired 528 gold pieces
   895 | D:2      | HP: 1/23 [endoplasm (2)]
   897 | D:2      | Frozen to death by an endoplasm

Illustrated notes

Levels and vault maps discovered:
D:1:      mrwooster_arrival_arrow, layout_loops_ring
D:2:      layout_loops_cross, uniq_crazy_yiuf_cottage, uniq_sigmund, uniq_robin

Action                     || total
---------------------------++-------
  Melee: Unarmed           ||    37
         Constrict         ||    17
         Tentacles         ||    10
         Punch             ||     2
    Use: Scroll            ||     5
   Stab: Sleeping          ||     4
 Armour: Skin              ||     4
  Dodge: Dodged            ||    21

Table legend: (Time is in decaauts)
 A = Elapsed time spent in this place.
 B = Non-inter-level travel time spent in this place.
 C = Inter-level travel time spent in this place.
 D = Time resting spent in this place.
 E = Time spent auto-exploring this place.
 F = Levels seen in this place.
 G = Mean time per level.
                   A        B        C        D        E       F      G
               +--------+--------+--------+--------+--------+-----+--------+
         Total |    894 |    871 |     23 |      0 |    712 |   2 |  447.0 |
       Dungeon |    894 |    871 |     23 |      0 |    712 |   2 |  447.0 |
               +--------+--------+--------+--------+--------+-----+--------+

Top non-repeatable levels by time:
     D:1: 792 daAuts
     D:2: 102 daAuts
